 Dungeon Crawl Stone Soup version 0.24-a0-335-g06ca16a (webtiles) character file.

Game seed: 3131394651118945779

1872601 kuniqs the Impregnable (level 27, 223/223 HPs)
             Began as a Gnoll Fighter on May 19, 2019.
             Was the Champion of Okawaru.
             Escaped with the Orb
             ... and 3 runes!
             The game lasted 02:37:44 (61150 turns).

kuniqs the Impregnable (Gnoll Fighter)             Turns: 61150, Time: 02:37:45

Health: 223/223    AC: 52    Str: 25    XL:     27
Magic:  46/46      EV: 21    Int: 23    God:    Okawaru [******]
Gold:   3685       SH: 27    Dex: 20    Spells: 64/64 levels left

rFire    + + +     SeeInvis +   S - +9 demon blade (pain)
rCold    + . .     Gourm    .   B - +1 large shield of the Onion {*Drain rElec rCorr SInv}
rNeg     + . .     Faith    .   I - +10 gold dragon scales
rPois    +         Spirit   .   u - +2 helmet {Int+3}
rElec    +         Reflect  .   Q - +2 cloak {rC+}
rCorr    +         Harm     .   D - +2 pair of gloves "Qagyahoi" {rF+ rC- rN+ MR+}
MR       ++++.                  y - +1 pair of boots of Zin's Wrath {rF+}
Stlth    +.........             M - amulet of regeneration
HPRegen  0.87/turn              a - ring of Fanaticism {Str-4 Int+9 Dex+3 Slay+6 SInv}
MPRegen  0.30/turn              m - ring of protection from magic

@: heroism, finesse, hasted, studying Armour, very quick
A: distributed training, fangs 1, strong nose
0: Orb of Zot
}: 3/15 runes: serpentine, barnacled, silver
a: Heroism, Finesse, Renounce Religion


You escaped.
You worshipped Okawaru.
Okawaru was exalted by your worship.
You were very full.

You visited 10 branches of the dungeon, and saw 50 of its levels.
You visited 1 bazaar.
You also visited: Trove, Ossuary and Ice Cave.

You collected 9294 gold pieces.
You spent 5609 gold pieces at shops.

Inventory:

Hand Weapons
 S - a +9 demon blade of pain (weapon)
Missiles
 l - 11 throwing nets
 x - 49 silver javelins
 z - 105 boomerangs
 V - 13 javelins (quivered)
Armour
 u - a +2 helmet of intelligence (worn)
 y - the +1 pair of boots of Zin's Wrath (worn) {rF+}
   (You acquired it on level 4 of the Vaults)

   It protects you from fire.
 B - the +1 large shield of the Onion (worn) {*Drain rElec rCorr SInv}
   (You took it off Mennas on level 5 of the Vaults)

   It insulates you from electricity.
   It lets you see invisible.
   It provides partial protection from all sources of acid and corrosion.
   It causes draining when unequipped.
 D - the +2 pair of gloves "Qagyahoi" (worn) {rF+ rC- rN+ MR+}
   (Okawaru gifted it to you on level 3 of the Elven Halls)

   It protects you from fire.
   It makes you vulnerable to cold.
   It protects you from negative energy.
   It affects your resistance to hostile enchantments.
 I - +10 gold dragon scales (worn)
 Q - a +2 cloak of cold resistance (worn)
Jewellery
 a - the ring of Fanaticism (left hand) {Str-4 Int+9 Dex+3 Slay+6 SInv}
   (You bought it in a shop in a bazaar)

   [ring of dexterity]

   It affects your strength (-4).
   It affects your intelligence (+9).
   It affects your dexterity (+3).
   It affects your accuracy and damage with ranged weapons and melee attacks
   (+6).
   It lets you see invisible.
 m - a ring of protection from magic (right hand)
 M - an amulet of regeneration (around neck)
Wands
 b - a wand of flame (26)
 c - a wand of disintegration (16)
 e - a wand of scattershot (7)
 r - a wand of polymorph (60)
 H - a wand of paralysis (55)
 O - a wand of clouds (2)
 R - a wand of enslavement (10)
 W - a wand of digging (6)
 Z - a wand of iceblast (9)
Scrolls
 h - 5 scrolls of identify {@r1}
 i - 8 scrolls of fear
 j - 23 scrolls of teleportation
 k - 5 scrolls of vulnerability
 n - 2 scrolls of enchant armour
 p - 21 scrolls of remove curse {@r2}
 t - 6 scrolls of blinking
 v - 7 scrolls of fog
 w - 11 scrolls of immolation
 A - a scroll of summoning
 G - 2 scrolls of magic mapping
 N - 3 scrolls of silence
Potions
 d - 11 potions of might
 o - 13 potions of curing {@q1}
 q - 8 potions of heal wounds
 s - 4 potions of cancellation
 C - 6 potions of haste
 F - 5 potions of agility
 J - 4 potions of mutation
 L - 4 potions of invisibility
Books
 K - a manual of Armour
Miscellaneous
 f - a lightning rod (4/4)
 E - 2 boxes of beasts
 Y - a lamp of fire
Comestibles
 g - 77 rations
 P - 4 chunks of flesh


   Skills:
 + Level 19.7(24.7) Fighting
 + Level 19.4(24.4) Short Blades
 + Level 19.0(24.0) Long Blades
 + Level 19.0(24.0) Axes
 + Level 19.0(24.0) Maces & Flails
 + Level 19.0(24.0) Polearms
 + Level 19.0(24.0) Staves
 + Level 19.0(24.0) Slings
 + Level 19.0(24.0) Bows
 + Level 19.0(24.0) Crossbows
 + Level 19.0(24.0) Throwing
 + Level 21.4(26.4) Armour
 + Level 19.0(24.0) Dodging
 + Level 19.0(24.0) Stealth
 + Level 19.7(24.7) Shields
 + Level 19.0(24.0) Unarmed Combat
 + Level 19.0 Spellcasting
 + Level 16.4 Conjurations
 + Level 16.4 Hexes
 + Level 16.4 Charms
 + Level 16.4 Summonings
 + Level 16.4 Necromancy
 + Level 16.4 Translocations
 + Level 16.4 Transmutations
 + Level 16.4 Fire Magic
 + Level 16.4 Ice Magic
 + Level 16.4 Air Magic
 + Level 16.4 Earth Magic
 + Level 16.4 Poison Magic
 + Level 20.4 Invocations
 + Level 19.0 Evocations


You had 64 spell levels left.
You didn't know any spells.
Your spell library contained the following spells:

 Spells                   Type           Power        Failure   Level  Hunger
 Animate Skeleton         Necr           N/A          1%          1    None
 Apportation              Tloc           ######       1%          1    None
 Beastly Appendage        Tmut           ######       1%          1    None
 Confusing Touch          Hex            ######       1%          1    None
 Corona                   Hex            #######      1%          1    None
 Flame Tongue             Conj/Fire      #####        1%          1    None
 Freeze                   Ice            ####         1%          1    None
 Infusion                 Chrm           ####         1%          1    None
 Magic Dart               Conj           ####         1%          1    None
 Pain                     Necr           ####         1%          1    None
 Sandblast                Erth           ######       1%          1    None
 Shock                    Conj/Air       ####         1%          1    None
 Sting                    Conj/Pois      ####         1%          1    None
 Summon Butterflies       Summ           #######.     1%          1    None
 Blink                    Tloc           N/A          1%          2    None
 Call Imp                 Summ           #######.     1%          2    None
 Ensorcelled Hibernation  Hex/Ice        ######       1%          2    None
 Passwall                 Tmut/Erth      #######.     1%          2    None
 Poisonous Vapours        Pois/Air       ######       1%          2    None
 Searing Ray              Conj           ######       1%          2    None
 Shroud of Golubria       Chrm/Tloc      #######...   1%          2    None
 Slow                     Hex            #######.     1%          2    None
 Song of Slaying          Chrm           #######.     1%          2    None
 Sticks to Snakes         Tmut           #######.     1%          2    None
 Sublimation of Blood     Necr           #######...   1%          2    None
 Swiftness                Chrm/Air       #######.     1%          2    None
 Throw Flame              Conj/Fire      ######       1%          2    None
 Throw Frost              Conj/Ice       ######       1%          2    None
 Call Canine Familiar     Summ           #######.     1%          3    None
 Confuse                  Hex            #######.     1%          3    None
 Conjure Flame            Conj/Fire      #######.     1%          3    None
 Dazzling Spray           Conj/Hex       ######       1%          3    None
 Gell's Gravitas          Tloc           #######...   1%          3    None
 Ignite Poison            Fire/Tmut/Pois #######.     1%          3    None
 Inner Flame              Hex/Fire       #######.     1%          3    None
 Lesser Beckoning         Tloc           #######...   1%          3    None
 Mephitic Cloud           Conj/Pois/Air  #######.     1%          3    None
 Ozocubu's Armour         Chrm/Ice       #######.     1%          3    None
 Recall                   Summ/Tloc      N/A          1%          3    None
 Regeneration             Chrm/Necr      #######...   1%          3    None
 Spectral Weapon          Hex/Chrm       #######.     1%          3    None
 Spider Form              Tmut/Pois      #######...   1%          3    None
 Static Discharge         Conj/Air       #######.     1%          3    None
 Stone Arrow              Conj/Erth      ######       1%          3    None
 Tukima's Dance           Hex            #######.     1%          3    None
 Vampiric Draining        Necr           #######...   1%          3    None
 Airstrike                Air            #######...   1%          4    None
 Animate Dead             Necr           N/A          1%          4    None
 Cause Fear               Hex            #######...   1%          4    None
 Force Lance              Conj/Tloc      #######.     1%          4    None
 Fulminant Prism          Conj/Hex       #######...   1%          4    None
 Ice Form                 Ice/Tmut       #######.     1%          4    None
 Iskenderun's Mystic Bla  Conj           #######.     1%          4    None
 Leda's Liquefaction      Hex/Erth       #######...   1%          4    None
 Olgreb's Toxic Radiance  Pois           #######.     1%          4    None
 Petrify                  Tmut/Erth      #######.     1%          4    None
 Sticky Flame             Conj/Fire      #######.     1%          4    None
 Summon Ice Beast         Ice/Summ       #######.     1%          4    None
 Summon Lightning Spire   Summ/Air       #######.     1%          4    None
 Throw Icicle             Conj/Ice       #######.     1%          4    None
 Alistair's Intoxication  Tmut/Pois      #######.     1%          5    None
 Aura of Abjuration       Summ           #######...   1%          5    None
 Blade Hands              Tmut           #######...   1%          5    None
 Bolt of Magma            Conj/Fire/Erth #######...   1%          5    None
 Borgnjor's Vile Clutch   Necr/Erth      #######...   1%          5    None
 Fireball                 Conj/Fire      #######...   1%          5    None
 Irradiate                Conj/Tmut      #######...   1%          5    None
 Iskenderun's Battlesphe  Conj/Chrm      #######.     1%          5    None
 Lee's Rapid Deconstruct  Erth           #######...   1%          5    None
 Lightning Bolt           Conj/Air       #######...   1%          5    None
 Metabolic Englaciation   Hex/Ice        #######...   1%          5    None
 Silence                  Hex/Air        #######...   1%          5    None
 Summon Demon             Summ           #######...   1%          5    None
 Summon Forest            Summ/Tloc      #######...   1%          5    None
 Summon Mana Viper        Hex/Summ       #######.     1%          5    None
 Venom Bolt               Conj/Pois      #######...   1%          5    None
 Yara's Violent Unravell  Hex/Tmut       #######...   1%          5    None
 Bolt of Cold             Conj/Ice       #######...   3%          6    ###....
 Conjure Ball Lightning   Conj/Air       #######...   3%          6    ###....
 Darkness                 Hex            #######...   3%          6    ###....
 Deflect Missiles         Chrm/Air       #######...   3%          6    ###....
 Freezing Cloud           Conj/Ice/Air   #######...   3%          6    ###....
 Invisibility             Hex            #######.     3%          6    ###....
 Iron Shot                Conj/Erth      #######...   3%          6    ###....
 Ozocubu's Refrigeration  Ice            #######...   3%          6    ###....
 Shadow Creatures         Summ           N/A          3%          6    ###....
 Simulacrum               Ice/Necr       #######...   3%          6    ###....
 Dragon Form              Tmut           #######...   17%         7    #####..
 Malign Gateway           Summ/Tloc      #######...   17%         7    #####..
 Monstrous Menagerie      Summ           #######...   17%         7    #####..
 Orb of Destruction       Conj           #######...   17%         7    #####..
 Ring of Flames           Chrm/Fire      #######...   17%         7    #####..
 Spellforged Servitor     Conj/Summ      #######...   17%         7    #####..
 Summon Greater Demon     Summ           #######...   17%         7    #####..
 Summon Hydra             Summ           #######...   17%         7    #####..
 Discord                  Hex            #######...   80%         8    ######.
 Summon Horrible Things   Summ           #######...   80%         8    ######.
 Tornado                  Air            #######...   100%        9    #######


Dungeon Overview and Level Annotations

Branches:
Dungeon (15/15)            Temple (1/1) D:5            Lair (6/6) D:9
 Shoals (4/4) Lair:2        Snake (4/4) Lair:3        Slime (0/5) Lair:5
    Orc (2/2) D:9             Elf (3/3) Orc:2        Vaults (5/5) D:13
  Crypt (0/3) Vaults:2     Depths (5/5) D:15            Zot (5/5) Depths:5

Altars:
Ashenzari
Cheibriados
Dithmenos
Fedhas
Gozag
Hepliaklqana
Kikubaaqudgha
Makhleb
Nemelex Xobeh
Okawaru
Qazlal
Ru
Sif Muna
Trog
Uskayaw
Vehumet
Xom
Yredelemnul
Zin
The Shining One
Beogh

Shops:
D:2 *   D:8 %   D:12 *   D:13 ?   Orc:1 =   Orc:2 ?:*(   Elf:2 }}=   Snake:1 *
Vaults:2 !   Vaults:4 (   Depths:3 [!:?(

Portals:
Hell: Depths:1 Depths:2 Depths:3 Depths:4 Depths:5
Abyss: Depths:2 Depths:3 Depths:4
Pandemonium: Depths:3
Ziggurat: Depths:5

Annotations:
Lair:6 exclusion: oklob plant
Depths:2 1 runed translucent door, Pompom's ghost, veteran MiBe
Zot:4 3 runed translucent doors, confidenceinterval's ghost, veteran DsFi


Innate Abilities, Weirdness & Mutations

Your experience applies equally to all skills.
You have very sharp teeth.
Your uncanny sense of smell can sniff out nearby items.


Message History

A hobgoblin comes inta view.
Ye feel much better.
Tha hobgoblin shouts!
Ye feel much better.
Ye feel much better.
Ye block tha hobgoblin's attack.
Ye completely miss tha hobgoblin.
Ye slice tha hobgoblin!!
Ye kill tha hobgoblin!
(D) Dungeon (T) Temple (L) Lair (A) Shoals (P) Snake Pit (M) Slime Pits (O) Orcish Mines (E) Elv'n Halls (V) Vaults (C) Crypt (U) Depths (H) Hell (Z) Zot Where ta? (Enter - D:1 @ (x,y), ? - help) Ye butcher tha hobgoblin corpse.
P - 4 chunks o' flesh Ye see 'ere a hobgoblin skeleton. x2
An Orb Guardian comes inta view.
Thar be a staircase leadin' outta tha dungeon 'ere.
Ye haf 'scaped!

..#....######.#PPPPPPPPPPPPPPP#..
.....###......#PPPPPPPPPPPPPPP#..
#...))...#....#PPPPP.....PPPPP#..
#...##......#.#PPP..PPPPP..PPP#..
#.......#####.#PP.PPP...PPP.PP...
####.#####....#PP.PP.PPP.PP.PP...
.........#.####P.PP.PP.PP.PP.P...
.......#.#'####P.P.PP.P.PP.P.P...
....)..#.....##P@P.P.PPP.P.P.....
...)...#.....##P.P.PP.P.PP.PXP...
....รท..#.....##P.PP.PP.PP.PP.P###
.............##PP.PP.PPP.PP.PP#
...###....#####PP.PPP...PPP.PP#
....##......#


#PPP..PPPPP..PPP### #...##......# #PPPPP..X..PPPPP#.. #...##......#
#PPPPPPPPPPPPPPP#.. #...........# #PPPPPPPPPPPPPPP#.. You could see an Orb
Guardian.

Vanquished Creatures
  3 orbs of fire (Zot:5)
  Mennas (Vaults:5)
  5 ancient liches
  Sojobo (Vaults:2)
  Bai Suzhen (Depths:1)
  8 Killer Klowns
  Boris (twice) (Vaults:2 Depths:4)
  Frederick (Vaults:4)
  Margery (Vaults:4)
  Vashnia (Snake:3)
  6 curse toes
  7 caustic shrikes
  9 golden dragons
  A bone dragon (Depths:5)
  A Tzitzimitl (D:15)
  An Ice Fiend (D:1)
  15 tentacled monstrosities
  3 electric golems
  Jorgrun (Shoals:1)
  A Hell Sentinel (Depths:1)
  Rupert (Lair:4)
  26 Orb Guardians
  7 titans
  Asterion (Elf:2)
  6 liches
  2 krakens
  2 deep elf blademasters (Elf:3)
  2 deep elf master archers (Elf:3)
  The ghost of Peuvenwiho the Severer, an adept NaFi of Cheibriados (Snake:1)
  Gastronok (D:8)
  11 quicksilver dragons
  14 death cobs
  9 tengu reavers
  13 shadow dragons
  5 sphinxes
  Donald (Elf:1)
  15 storm dragons
  Roxanne (Snake:3)
  5 draconian monks
  Ilsuiw (Shoals:4)
  The ghost of Ds27 the Warrior, a journeyman DrBe of Trog (Snake:3)
  4 draconian knights
  10 fire giants
  6 frost giants
  10 nagarajas
  11 draconian scorchers
  18 vault wardens
  An iron dragon (Depths:4)
  Louise (Snake:3)
  9 deep elf sorcerers
  5 draconian shifters
  A cacodemon (D:9)
  3 ghost moths
  A draconian stormcaller (Zot:4)
  The ghost of Yorgos the Unseen, an adept SpSk of Dithmenos (Shoals:3)
  2 deep elf elementalists (Elf:3)
  A war gargoyle (Vaults:5)
  24 very ugly things
  6 draconian annihilators
  Aizul (Snake:1)
  4 spriggan defenders
  18 ironheart preservers
  11 deep elf demonologists
  2 entropy weavers
  2 vampire knights
  11 green draconians
  A juggernaut skeleton (Depths:1)
  28 stone giants
  5 yellow draconians
  7 black draconians
  9 deep elf annihilators
  8 spark wasps
  8 red draconians
  11 purple draconians
  17 white draconians
  A crystal guardian (Vaults:5)
  18 ettins
  9 merfolk javelineers
  12 deep elf death magi
  11 fire dragons
  4 deep elf high priests
  7 merfolk impalers
  14 great orbs of eyes
  17 yaktaur captains
  9 rakshasas
  9 ice dragons
  A spriggan air mage (Depths:2)
  2 hell beasts
  31 vault guards
  Fannar (D:12)
  5 merfolk avatars
  17 naga warriors
  8 merfolk aquamancers
  7 hydras
  2 alligator snapping turtles (Shoals:4)
  3 anacondas
  9 centaur warriors
  33 dancing weapons
  4 death knights
  12 ogre magi
  46 two-headed ogres
  5 deep troll shamans
  2 tengu warriors
  12 deep troll earth magi
  A death yak (Lair:3)
  A storm dragon zombie (Vaults:1)
  6 vampire magi
  A shock serpent (shapeshifter) (Depths:3)
  25 hell knights
  7 spriggan berserkers
  Nergalle (Lair:4)
  9 shock serpents
  14 naga sharpshooters
  26 deep elf knights
  A sixfirhy (D:9)
  2 iron trolls
  3 skeletal warriors (Vaults:1)
  A shadow wraith (Vaults:3)
  A titan skeleton (Depths:3)
  7 salamander mystics
  3 unseen horrors
  3 glowing orange brains
  18 deep trolls
  An unseen horror (shapeshifter) (Vaults:3)
  5 naga ritualists
  26 sea snakes
  A phantasmal warrior (Depths:2)
  7 wizards (Depths:2)
  6 flayed ghosts
  A kraken simulacrum (Shoals:4)
  A harpy (shapeshifter) (Vaults:3)
  13 ironbrand convokers
  11 orc knights
  31 deep elf archers
  A sphinx zombie (Depths:3)
  92 deep elf magi
  2 tengu skeletons
  33 harpies
  2 frost giant zombies
  11 manticores
  22 necromancers
  10 cyclopes
  4 orc sorcerers
  3 wolf spiders
  40 ugly things
  2 salamanders (shapeshifter) (Depths:4)
  10 mana vipers
  9 fauns
  A stone giant zombie (Vaults:2)
  2 sphinx skeletons
  A shining eye (shapeshifter) (Depths:3)
  24 salamanders
  A cyclops (shapeshifter) (Vaults:5)
  17 elephants
  32 moths of wrath
  A frost giant skeleton (Vaults:2)
  A human skeleton (Vaults:2)
  10 vault sentinels
  A guardian serpent (shapeshifter) (D:13)
  15 naga magi
  2 rust devils
  33 black mambas
  14 merfolk sirens
  10 water nymphs
  5 centaur zombies
  Psyche (D:8)
  8 guardian serpents
  An ice statue (IceCv)
  A komodo dragon (shapeshifter) (Vaults:5)
  2 torpor snails
  4 spiny frogs
  5 gargoyles
  2 rime drakes
  6 freezing wraiths
  A kobold demonologist (D:14)
  2 yaktaur skeletons (Vaults:4)
  6 komodo dragons
  44 yaktaurs
  2 trolls
  2 tengu conjurers (Depths:1)
  3 meliai (D:14)
  34 merfolk
  2 red devils
  2 queen bees (shapeshifter)
  24 blink frogs
  26 polar bears
  A raiju (shapeshifter) (Vaults:1)
  8 wind drakes
  14 dream sheep
  15 hornets
  6 snapping turtles
  44 slime creatures
  13 tyrant leeches (Lair:5)
  2 snapping turtles (shapeshifter)
  An ettin zombie (Vaults:2)
  A hornet (shapeshifter) (Vaults:2)
  13 hippogriffs
  4 air elementals
  3 redbacks (Vaults:4)
  3 shadows
  A spriggan (shapeshifter) (Vaults:2)
  3 yaks (shapeshifter)
  3 wraiths
  A wyvern (shapeshifter) (Vaults:1)
  22 spriggans
  5 wyverns
  63 yaks
  A tarantella (Vaults:4)
  A vampire (D:13)
  3 fire elementals (Elf:1)
  27 water elementals
  4 basilisks
  A yaktaur simulacrum (Vaults:1)
  5 vampire mosquitoes
  53 nagas
  A deep troll zombie (Vaults:2)
  A soldier ant (shapeshifter) (Vaults:4)
  2 soldier ants
  4 swamp worms (Lair:5)
  4 wargs
  2 acid dragons
  17 water moccasins
  10 porcupines
  25 orc warriors
  11 ice beasts
  6 sky beasts
  An ettin simulacrum (Vaults:1)
  A necrophage (D:15)
  2 eyes of draining
  45 ogres
  2 black bears
  A phantom (D:8)
  10 boggarts
  An ogre (shapeshifter) (Vaults:5)
  41 wolves
  A wolf (shapeshifter) (Vaults:5)
  22 centaurs
  6 crocodiles
  5 big kobolds
  A wyvern zombie (D:14)
  8 bullfrogs
  2 earth elementals
  2 glowing shapeshifter simulacra (Vaults:2)
  3 human simulacra
  2 wyvern skeletons
  8 scorpions
  3 killer bees (D:10)
  8 wights
  2 electric eels (Snake:1)
  4 howler monkeys
  6 crimson imps
  A bullfrog zombie (D:12)
  6 hounds
  6 human zombies
  15 orc priests
  3 centaur skeletons
  Natasha (thrice) (D:2)
  11 jellies
  3 iguanas
  26 orc wizards
  Ijyb (D:3)
  5 worker ants
  2 hound skeletons
  4 mummies
  Robin (D:2)
  2 worker ant zombies (D:7)
  12 adders
  6 gnolls
  A river rat (D:2)
  4 shadow imps
  3 oozes
  3 adder skeletons
  An adder zombie (D:6)
  2 worms
  4 dart slugs
  2 leopard geckos
  94 orcs
  A ball python (D:3)
  7 giant cockroaches
  3 gnoll zombies (Ossuary)
  9 hobgoblins
  3 jackals (D:8)
  6 quokkas
  5 bats
  3 frilled lizards
  10 goblins
  2 goblin zombies (Ossuary)
  3 hobgoblin zombies (Ossuary)
  A jackal skeleton (D:4)
  A jackal zombie (D:6)
  33 kobolds
  A leopard gecko skeleton (D:6)
  4 orc zombies (Ossuary)
  2 quokka skeletons
  5 rats
  A plant (Depths:2)
  7 tentacles
2503 creatures vanquished.

Vanquished Creatures (collateral kills)
  A vault warden (Vaults:5)
  A giant cockroach (D:8)
  An orc zombie (Ossuary)
3 creatures vanquished.

Vanquished Creatures (others)
  A dancing weapon (Elf:2)
  2 deep elf knights
  An orc warrior (Elf:1)
  An orc wizard (D:4)
  An orc (Elf:1)
  A bush (Lair:4)
  9 fungi
  23 plants
  9 tentacles
48 creatures vanquished.

Grand Total: 2554 creatures vanquished

Notes
Turn   | Place    | Note
-------+----------+-------------------------------------------
     0 | D:1      | kuniqs the Gnoll Fighter began the quest for the Orb.
     0 | D:1      | Reached XP level 1. HP: 23/23 MP: 1/1
    80 | D:1      | Reached XP level 2. HP: 29/29 MP: 2/2
   253 | D:1      | Reached XP level 3. HP: 32/35 MP: 3/3
   857 | D:2      | Noticed Natasha
   864 | D:2      | Killed Natasha
   864 | D:2      | Reached skill level 1 in Long Blades
   864 | D:2      | Reached skill level 1 in Axes
   864 | D:2      | Reached skill level 1 in Maces & Flails
   864 | D:2      | Reached skill level 1 in Polearms
   864 | D:2      | Reached skill level 1 in Staves
   864 | D:2      | Reached skill level 1 in Slings
   864 | D:2      | Reached skill level 1 in Bows
   864 | D:2      | Reached skill level 1 in Crossbows
   864 | D:2      | Reached skill level 1 in Throwing
   864 | D:2      | Reached skill level 1 in Dodging
   864 | D:2      | Reached skill level 1 in Stealth
   864 | D:2      | Reached skill level 1 in Unarmed Combat
   864 | D:2      | Reached skill level 1 in Spellcasting
   864 | D:2      | Reached skill level 1 in Invocations
   864 | D:2      | Reached skill level 1 in Evocations
   864 | D:2      | Reached XP level 4. HP: 34/41 MP: 5/5
  1171 | D:2      | Reached skill level 1 in Conjurations
  1171 | D:2      | Reached skill level 1 in Hexes
  1171 | D:2      | Reached skill level 1 in Charms
  1171 | D:2      | Reached skill level 1 in Summonings
  1171 | D:2      | Reached skill level 1 in Necromancy
  1171 | D:2      | Reached skill level 1 in Translocations
  1171 | D:2      | Reached skill level 1 in Transmutations
  1171 | D:2      | Reached skill level 1 in Fire Magic
  1171 | D:2      | Reached skill level 1 in Ice Magic
  1171 | D:2      | Reached skill level 1 in Air Magic
  1171 | D:2      | Reached skill level 1 in Earth Magic
  1171 | D:2      | Reached skill level 1 in Poison Magic
  1214 | D:2      | Found Zin's Purification Station.
  1220 | D:2      | Found a glowing silver altar of Zin.
  1228 | D:2      | Noticed Natasha
  1229 | D:2      | Noticed Sigmund
  1391 | D:3      | Reached XP level 5. HP: 47/47 MP: 6/6
  1472 | D:3      | Found a stormy altar of Qazlal.
  1503 | D:3      | Noticed Ijyb
  1520 | D:3      | Killed Ijyb
  2065 | D:2      | Noticed Robin
  2077 | D:2      | Killed Robin
  2216 | D:2      | Noticed Sigmund
  2216 | D:2      | Sigmund changed into Sigmund the river rat
  2230 | D:2      | Killed Sigmund the river rat
  2254 | D:2      | Killed Natasha
  2254 | D:2      | Reached XP level 6. HP: 22/53 MP: 8/8
  2621 | D:2      | Noticed Natasha
  2630 | D:2      | Killed Natasha
  2812 | D:4      | Found a sand-covered staircase.
  2822 | D:4      | Reached skill level 5 in Short Blades
  2826 | Ossuary  | Entered an ossuary
  3407 | D:4      | Reached XP level 7. HP: 52/59 MP: 10/10
  3751 | D:5      | Entered Level 5 of the Dungeon
  3772 | D:5      | Reached skill level 7 in Armour
  4255 | D:5      | Found a staircase to the Ecumenical Temple.
  4264 | Temple   | Entered the Ecumenical Temple
  4271 | Temple   | Became a worshipper of Warmaster Okawaru
  4545 | D:5      | Reached XP level 8. HP: 66/67 MP: 12/12
  4712 | D:5      | You fall through a shaft for 2 floors!
  4736 | D:7      | Found a shimmering altar of Xom.
  4811 | D:7      | Noticed a hippogriff
  4826 | D:7      | Killed a hippogriff
  4826 | D:7      | Reached * piety under Okawaru
  5228 | D:5      | Reached ** piety under Okawaru
  5507 | D:5      | Reached XP level 9. HP: 72/72 MP: 14/14
  5705 | D:6      | Found a deep blue altar of Sif Muna.
  5706 | D:6      | Found an ancient bone altar of Kikubaaqudgha.
  5706 | D:6      | Found a basalt altar of Yredelemnul.
  5706 | D:6      | Found a radiant altar of Vehumet.
  6029 | D:6      | Found a glowing golden altar of the Shining One.
  6348 | D:7      | Reached *** piety under Okawaru
  6366 | D:7      | Found a shattered altar of Ashenzari.
  6714 | D:7      | Reached skill level 8 in Armour
  7004 | D:8      | Reached skill level 5 in Invocations
  7010 | D:8      | Reached **** piety under Okawaru
  7088 | D:8      | Reached XP level 10. HP: 79/80 MP: 14/17
  7200 | D:8      | Noticed Psyche
  7207 | D:8      | Killed Psyche
  7207 | D:8      | Received a gift from Okawaru
  7268 | D:8      | Found Hommak's Food Shoppe.
  7270 | D:8      | Noticed Gastronok
  7293 | D:8      | Killed Gastronok
  7293 | D:8      | Reached ***** piety under Okawaru
  7293 | D:8      | Received a gift from Okawaru
  7293 | D:8      | Reached skill level 5 in Long Blades
  7293 | D:8      | Reached skill level 5 in Axes
  7293 | D:8      | Reached skill level 5 in Maces & Flails
  7293 | D:8      | Reached skill level 5 in Polearms
  7293 | D:8      | Reached skill level 5 in Staves
  7293 | D:8      | Reached skill level 5 in Slings
  7293 | D:8      | Reached skill level 5 in Bows
  7293 | D:8      | Reached skill level 5 in Crossbows
  7293 | D:8      | Reached skill level 5 in Throwing
  7293 | D:8      | Reached skill level 5 in Dodging
  7293 | D:8      | Reached skill level 5 in Stealth
  7293 | D:8      | Reached skill level 5 in Unarmed Combat
  7293 | D:8      | Reached skill level 5 in Spellcasting
  7293 | D:8      | Reached skill level 5 in Evocations
  7326 | D:8      | Found a hazy altar of Hepliaklqana.
  7420 | D:8      | Identified the +1 ring mail of Indecent Exposure {+Blink
                  | rC+} (You found it on level 8 of the Dungeon)
  7517 | D:8      | Found a hazy altar of Hepliaklqana.
  7678 | D:8      | Noticed a white ugly thing
  7899 | D:9      | Found a hide-covered altar of Uskayaw.
  7929 | D:9      | Noticed a purple ugly thing
  7953 | D:9      | Killed a purple ugly thing
  8575 | D:9      | Found a staircase to the Lair.
  8739 | D:9      | Found a staircase to the Orcish Mines.
  8834 | D:9      | Reached XP level 11. HP: 69/87 MP: 19/19
  9119 | D:10     | Entered Level 10 of the Dungeon
  9181 | D:10     | Killed an unseen horror
  9465 | D:10     | Reached skill level 9 in Armour
  9561 | D:10     | Reached skill level 5 in Conjurations
  9561 | D:10     | Reached skill level 5 in Hexes
  9561 | D:10     | Reached skill level 5 in Charms
  9561 | D:10     | Reached skill level 5 in Summonings
  9561 | D:10     | Reached skill level 5 in Necromancy
  9561 | D:10     | Reached skill level 5 in Translocations
  9561 | D:10     | Reached skill level 5 in Transmutations
  9561 | D:10     | Reached skill level 5 in Fire Magic
  9561 | D:10     | Reached skill level 5 in Ice Magic
  9561 | D:10     | Reached skill level 5 in Air Magic
  9561 | D:10     | Reached skill level 5 in Earth Magic
  9561 | D:10     | Reached skill level 5 in Poison Magic
  9637 | D:10     | Received a gift from Okawaru
  9703 | D:10     | Found a sparkling altar of Nemelex Xobeh.
  9814 | D:10     | Received a gift from Okawaru
 10009 | D:11     | Noticed an eight-headed hydra
 10021 | D:11     | Killed an eight-headed hydra
 10255 | D:11     | Noticed a two-headed ogre
 10258 | D:11     | Killed a two-headed ogre
 10636 | D:11     | Noticed a brown ugly thing
 10667 | D:11     | Killed a green ugly thing
 10791 | D:11     | Noticed a death knight
 10963 | D:8      | Found an opulent altar of Gozag.
 11047 | D:8      | Killed a green ugly thing
 11091 | D:8      | Found a snail-covered altar of Cheibriados.
 11275 | D:11     | Killed a death knight
 11406 | D:11     | Reached XP level 12. HP: 96/96 MP: 22/22
 11621 | Lair:1   | Entered Level 1 of the Lair of Beasts
 12088 | Lair:1   | Received a gift from Okawaru
 12104 | Lair:1   | Got a pair of warped gloves {god gift}
 12115 | Lair:1   | Identified the +0 pair of gloves "Teydur" {rElec Dex+3}
                  | (Okawaru gifted it to you on level 1 of the Lair of Beasts)
 13716 | Lair:2   | Found a staircase to the Shoals.
 13909 | Lair:3   | Noticed a five-headed hydra
 13919 | Lair:3   | Killed a five-headed hydra
 13919 | Lair:3   | Received a gift from Okawaru
 13973 | Lair:3   | Reached skill level 10 in Fighting
 13973 | Lair:3   | Reached skill level 10 in Armour
 13973 | Lair:3   | Reached skill level 10 in Shields
 14437 | Lair:3   | Found a staircase to the Snake Pit.
 14533 | Lair:3   | Reached XP level 13. HP: 75/103 MP: 24/24
 15320 | Lair:4   | Reached ****** piety under Okawaru
 15350 | Lair:4   | Received a gift from Okawaru
 15673 | Lair:4   | Noticed Nergalle
 15925 | Lair:4   | You fall through a shaft for 2 floors!
 15925 | Lair:6   | Entered Level 6 of the Lair of Beasts
 16603 | Lair:6   | Identified the Tome of Contamination and Ice
 16615 | Lair:6   | Identified a scroll of acquirement
 16699 | Lair:6   | Received a gift from Okawaru
 16970 | Lair:6   | Reached XP level 14. HP: 109/111 MP: 26/26
 17203 | Lair:6   | Reached skill level 10 in Short Blades
 17557 | Lair:6   | Found a blossoming altar of Fedhas.
 17748 | Lair:5   | Reached skill level 11 in Armour
 18026 | Lair:5   | Got a vibrating wooden ring
 18204 | Lair:5   | Received a gift from Okawaru
 18573 | Lair:5   | Reached skill level 10 in Invocations
 18708 | Lair:5   | Found a staircase to the Slime Pits.
 18902 | Lair:4   | Noticed Rupert
 18920 | Lair:4   | Killed Rupert
 18927 | Lair:4   | Killed Nergalle
 18952 | Lair:4   | Identified the ring "Suskecwi" {*Tele SInv} (You found it
                  | on level 5 of the Lair of Beasts)
 19931 | D:12     | Noticed Fannar
 19943 | D:12     | Killed Fannar
 19943 | D:12     | Received a gift from Okawaru
 19947 | D:12     | Got a steaming cloak {god gift}
 19961 | D:12     | Identified the +2 cloak of Conscience {rF+} (Okawaru gifted
                  | it to you on level 12 of the Dungeon)
 20132 | D:12     | Found Irghaek's Assorted Antiques.
 20137 | D:12     | Bought a large steel ring for 175 gold pieces
 20137 | D:12     | Bought a worn wooden wand for 140 gold pieces
 20309 | D:12     | Reached XP level 15. HP: 105/119 MP: 28/28
 20659 | D:13     | Noticed Sonja
 20661 | D:13     | Noticed Sonja
 20661 | D:13     | Sonja changed into Sonja the ogre
 20683 | D:13     | Killed Sonja the ogre
 20720 | D:13     | Found a gate to the Vaults.
 20754 | D:13     | Got a warped dagger
 20848 | D:13     | Found a frozen archway.
 20864 | D:13     | Found Niuquukh's Magic Scroll Emporium.
 20925 | IceCv    | Entered an ice cave
 21167 | IceCv    | Received a gift from Okawaru
 21320 | IceCv    | Received a gift from Okawaru
 21489 | IceCv    | Noticed a frost giant
 21524 | IceCv    | Killed a frost giant
 21524 | IceCv    | Received a gift from Okawaru
 22314 | D:14     | Found a shadowy altar of Dithmenos.
 22354 | D:14     | Reached skill level 10 in Long Blades
 22354 | D:14     | Reached skill level 10 in Axes
 22354 | D:14     | Reached skill level 10 in Maces & Flails
 22354 | D:14     | Reached skill level 10 in Polearms
 22354 | D:14     | Reached skill level 10 in Staves
 22354 | D:14     | Reached skill level 10 in Slings
 22354 | D:14     | Reached skill level 10 in Bows
 22354 | D:14     | Reached skill level 10 in Crossbows
 22354 | D:14     | Reached skill level 10 in Throwing
 22354 | D:14     | Reached skill level 10 in Dodging
 22354 | D:14     | Reached skill level 10 in Stealth
 22354 | D:14     | Reached skill level 10 in Unarmed Combat
 22354 | D:14     | Reached skill level 10 in Spellcasting
 22354 | D:14     | Reached skill level 10 in Evocations
 23203 | D:14     | Got a bone long sword
 23439 | D:15     | Entered Level 15 of the Dungeon
 23489 | D:15     | Identified the +1 long sword of Foolhardiness {drain, rC+
                  | MP-9 Str+4} (You found it on level 14 of the Dungeon)
 23642 | D:15     | Identified the +4 dagger "Citamp" {freeze, rElec Str+4}
                  | (You found it on level 13 of the Dungeon)
 23724 | D:15     | Received a gift from Okawaru
 23725 | D:15     | Got a dazzling demon whip {god gift}
 23726 | D:15     | Identified the +4 demon whip "Arcanum" {drain, *Slow Str+6}
                  | (Okawaru gifted it to you on level 15 of the Dungeon)
 23814 | D:15     | Reached skill level 12 in Armour
 23893 | D:15     | Found a staircase to the Depths.
 23907 | D:15     | Reached XP level 16. HP: 127/127 MP: 30/30
 24280 | Orc:1    | Entered Level 1 of the Orcish Mines
 24297 | Orc:1    | Found Hapnul's Jewellery Shop.
 24678 | Orc:1    | Found a roughly hewn altar of Beogh.
 24965 | Orc:2    | Entered Level 2 of the Orcish Mines
 25077 | Orc:2    | Received a gift from Okawaru
 25183 | Orc:2    | Got a faintly glowing plate armour {god gift}
 25184 | Orc:2    | Identified the +8 plate armour of the Modern Gods {rF+
                  | Dex+3} (Okawaru gifted it to you on level 2 of the Orcish
                  | Mines)
 25295 | Orc:2    | Found Sesch's Antique Weapon Shop.
 25295 | Orc:2    | Found Lorghev's Book Emporium.
 25296 | Orc:2    | Found Syptup's Assorted Antiques.
 25296 | Orc:2    | Found Zoicly's Magic Scroll Boutique.
 25391 | Orc:2    | Found a staircase to the Elven Halls.
 26220 | Shoals:1 | Entered Level 1 of the Shoals
 26374 | Shoals:1 | Noticed Jorgrun
 26418 | Shoals:1 | Killed Jorgrun
 26418 | Shoals:1 | Received a gift from Okawaru
 26504 | Shoals:1 | Received a gift from Okawaru
 26900 | Shoals:1 | Received a gift from Okawaru
 27110 | Shoals:1 | Found a snail-covered altar of Cheibriados.
 27116 | Shoals:1 | Noticed a kraken
 27137 | Shoals:1 | Killed a kraken
 27192 | Shoals:1 | Reached XP level 17. HP: 134/135 MP: 32/32
 27751 | Shoals:2 | Received a gift from Okawaru
 27842 | Shoals:2 | Found a gateway to a bazaar.
 28097 | Bazaar   | Entered a bazaar
 28100 | Bazaar   | Found Vext's Jewellery Boutique.
 28102 | Bazaar   | Found Cuzoaps's Weapon Emporium.
 28109 | Bazaar   | Found Zuewnel's Antique Armour Shop.
 28119 | Bazaar   | Found Leaskih's Antique Armour Shoppe.
 28127 | Bazaar   | Bought a pair of brightly glowing gloves for 123 gold
                  | pieces
 28137 | Bazaar   | Identified the cursed +0 pair of gloves of the Circus
                  | Animal {rC+} (You bought it in a shop in a bazaar)
 28178 | Bazaar   | Found Miazigh's Antique Armour Shoppe.
 28200 | Bazaar   | Bought the ring of Fanaticism {Str-4 Int+9 Dex+3 Slay+6
                  | SInv} for 751 gold pieces
 28200 | Bazaar   | Bought an uncursed amulet of regeneration for 360 gold
                  | pieces
 28366 | Shoals:2 | Got a shimmering broad axe
 28396 | Shoals:2 | Noticed a kraken
 28409 | Shoals:2 | Killed a kraken
 28602 | Shoals:3 | Identified the +12 broad axe "Qorumy" {venom, rPois Str-4
                  | Dex+3 SInv} (You found it on level 2 of the Shoals)
 28976 | Shoals:3 | Found a runed translucent gate.
 28976 | Shoals:3 | Found a runed translucent gate.
 28976 | Shoals:3 | Found a runed translucent gate.
 28992 | Shoals:3 | Noticed Yorgos's ghost (adept SpSk)
 29062 | Shoals:3 | Killed Yorgos's ghost
 29076 | Shoals:3 | Identified the Catalogue of Nocuous Confrontation
 29568 | Shoals:4 | Entered Level 4 of the Shoals
 29789 | Shoals:4 | Reached skill level 13 in Armour
 29812 | Shoals:4 | Received a gift from Okawaru
 29941 | Shoals:4 | Got a barnacled rune of Zot
 29951 | Shoals:4 | Reached skill level 10 in Conjurations
 29951 | Shoals:4 | Reached skill level 10 in Hexes
 29951 | Shoals:4 | Reached skill level 10 in Charms
 29951 | Shoals:4 | Reached skill level 10 in Summonings
 29951 | Shoals:4 | Reached skill level 10 in Necromancy
 29951 | Shoals:4 | Reached skill level 10 in Translocations
 29951 | Shoals:4 | Reached skill level 10 in Transmutations
 29951 | Shoals:4 | Reached skill level 10 in Fire Magic
 29951 | Shoals:4 | Reached skill level 10 in Ice Magic
 29951 | Shoals:4 | Reached skill level 10 in Air Magic
 29951 | Shoals:4 | Reached skill level 10 in Earth Magic
 29951 | Shoals:4 | Reached skill level 10 in Poison Magic
 30031 | Shoals:4 | Identified the +0 ring mail "Hefausie" {+Blink MR+ Slay+2}
                  | (You found it on level 4 of the Shoals)
 30057 | Shoals:4 | Noticed Ilsuiw
 30081 | Shoals:4 | Reached XP level 18. HP: 139/143 MP: 30/33
 30110 | Shoals:4 | Received a gift from Okawaru
 30239 | Shoals:4 | Received a gift from Okawaru
 30518 | Shoals:4 | Killed Ilsuiw
 30921 | Snake:1  | Entered Level 1 of the Snake Pit
 31044 | Snake:1  | Found Magakici's Assorted Antiques.
 31130 | Snake:1  | You fall through a shaft!
 31590 | Snake:1  | Noticed Aizul
 31608 | Snake:1  | Killed Aizul
 31701 | Snake:1  | Found a runed translucent door.
 31702 | Snake:1  | Noticed Peuvenwiho's ghost (adept NaFi)
 31739 | Snake:1  | Killed Peuvenwiho's ghost
 31739 | Snake:1  | Received a gift from Okawaru
 32824 | Snake:3  | Noticed Vashnia
 32882 | Snake:3  | Received a gift from Okawaru
 32888 | Snake:3  | Reached XP level 19. HP: 115/151 MP: 28/35
 32970 | Snake:3  | Identified Roxanne's Collected Works on the Mountains
 32970 | Snake:3  | Noticed Roxanne
 32970 | Snake:3  | Noticed Louise
 32989 | Snake:3  | Killed Louise
 33005 | Snake:3  | Killed Roxanne
 33043 | Snake:3  | Received a gift from Okawaru
 33061 | Snake:3  | Noticed Ds27's ghost (journeyman DrBe)
 33073 | Snake:3  | Found a runed translucent gate.
 33073 | Snake:3  | Found a runed translucent gate.
 33073 | Snake:3  | Found a runed translucent gate.
 33129 | Snake:3  | Killed Ds27's ghost
 33138 | Snake:3  | Received a gift from Okawaru
 33243 | Snake:3  | Killed Vashnia
 33880 | Snake:4  | Entered Level 4 of the Snake Pit
 33916 | Snake:4  | Found a sparkling altar of Nemelex Xobeh.
 34050 | Snake:4  | Received a gift from Okawaru
 34302 | Snake:4  | Reached skill level 14 in Armour
 34419 | Snake:4  | Received a gift from Okawaru
 34649 | Snake:4  | Got a serpentine rune of Zot
 35113 | Snake:4  | Received a gift from Okawaru
 35113 | Snake:4  | Reached XP level 20. HP: 118/159 MP: 36/36
 35528 | Elf:1    | Entered Level 1 of the Elven Halls
 35884 | Elf:1    | Noticed Donald
 36180 | Elf:1    | Found a runed translucent gate.
 36180 | Elf:1    | Found a runed translucent gate.
 36180 | Elf:1    | Found a runed translucent gate.
 36180 | Elf:1    | Found a runed translucent gate.
 36180 | Elf:1    | Found a runed translucent gate.
 36182 | Elf:1    | Found a runed translucent gate.
 36247 | Elf:1    | Identified Zonufrat's Grimoire of Aerial Orientation
 36622 | Elf:1    | Killed Donald
 36808 | Elf:2    | Found a runed translucent gate.
 36819 | Elf:2    | Received a gift from Okawaru
 36847 | Elf:2    | Found Uxzeatau's Jewellery Emporium.
 36847 | Elf:2    | Found Istraxom's Gadget Shop.
 36855 | Elf:2    | Found Onwy's Gadget Shop.
 36864 | Elf:2    | Bought a wand of clouds (3) for 336 gold pieces
 36868 | Elf:2    | Bought a wand of scattershot (5) for 432 gold pieces
 36935 | Elf:2    | Noticed Asterion
 36948 | Elf:2    | Killed Asterion
 37010 | Elf:2    | Received a gift from Okawaru
 37068 | Elf:2    | Found a runed translucent gate.
 37069 | Elf:2    | Found a runed translucent gate.
 37282 | Elf:2    | Received a gift from Okawaru
 37554 | Elf:2    | Reached XP level 21. HP: 87/166 MP: 38/38
 37726 | Elf:3    | Entered Level 3 of the Elven Halls
 37792 | Elf:3    | Received a gift from Okawaru
 37859 | Elf:3    | Identified the +8 long sword "Udebei" {antimagic, rF+ MP+9}
 37962 | Elf:3    | Identified the +4 broad axe "Impslayer" {elec, +Rage rN++
                  | Str-3 SInv} (You found it on level 3 of the Elven Halls)
 38015 | Elf:3    | Identified the +5 morningstar "Dieskig" {freeze, rF+ rN+
                  | Int+2} (You found it on level 3 of the Elven Halls)
 38063 | Elf:3    | Received a gift from Okawaru
 38063 | Elf:3    | Reached skill level 15 in Fighting
 38063 | Elf:3    | Reached skill level 15 in Armour
 38063 | Elf:3    | Reached skill level 15 in Shields
 38085 | Elf:3    | Identified the +2 pair of gloves "Qagyahoi" {rF+ rC- rN+
                  | MR+} (Okawaru gifted it to you on level 3 of the Elven
                  | Halls)
 38159 | Elf:3    | Identified the Almanac of Lucky Conjuration
 38224 | Elf:3    | Identified the +7 scimitar of Munus {venom, rPois rC- MR++
                  | Stlth+}
 38266 | Elf:3    | Got an ichor-stained war axe
 38458 | Elf:3    | Identified the cursed +2 war axe of Chaos {chop, rF+} (You
                  | found it on level 3 of the Elven Halls)
 38505 | Elf:3    | Reached skill level 15 in Invocations
 39199 | Orc:2    | Bought a scroll of enchant armour for 90 gold pieces
 39362 | D:12     | Bought 3 scrolls of enchant weapon for 787 gold pieces
 39414 | D:13     | Bought a scroll of enchant armour for 105 gold pieces
 39437 | Vaults:1 | Entered Level 1 of the Vaults
 40533 | Vaults:2 | Paralysed by an ogre mage for 4 turns
 40612 | Vaults:2 | Reached XP level 22. HP: 175/175 MP: 40/40
 40666 | Vaults:2 | Received a gift from Okawaru
 40864 | Vaults:2 | Found Asicvamn's Distillery.
 40868 | Vaults:2 | Noticed Boris
 41196 | Vaults:2 | Noticed Sojobo
 41217 | Vaults:2 | Killed Sojobo
 41817 | Vaults:2 | Reached skill level 15 in Short Blades
 41858 | Vaults:2 | Killed Boris
 41858 | Vaults:2 | Received a gift from Okawaru
 41861 | Vaults:2 | Identified the +1 chain mail of Daisies {rPois Dex+3}
                  | (Okawaru gifted it to you on level 2 of the Vaults)
 41939 | Vaults:2 | Found a staircase to the Crypt.
 42190 | Vaults:2 | Bought a potion of mutation for 152 gold pieces
 42190 | Vaults:2 | Bought a potion of might for 76 gold pieces
 42190 | Vaults:2 | Bought a potion of heal wounds for 95 gold pieces
 42680 | Vaults:2 | Found a portal to a secret trove of treasure.
 42718 | Vaults:2 | You paid a toll of 5 potions of resistance to enter a
                  | treasure trove
 42719 | Trove    | Entered a treasure trove
 42727 | Trove    | Got a flickering golden ring
 42728 | Trove    | Identified the ring "Baskoeku" {rC+ Str+2 Dex+3 Slay-4
                  | Stlth+} (You found it in a treasure trove)
 42735 | Trove    | Got a vibrating brass ring
 42736 | Trove    | Identified the ring "Anak" {Str+4 Int+4} (You found it in a
                  | treasure trove)
 43714 | Vaults:3 | Reached XP level 23. HP: 177/183 MP: 41/41
 44261 | Vaults:4 | Noticed Margery
 44283 | Vaults:4 | Killed Margery
 44407 | Vaults:4 | Received a gift from Okawaru
 44458 | Vaults:4 | Received a gift from Okawaru
 44476 | Vaults:4 | Found Piun's Weapon Shoppe.
 44793 | Vaults:4 | Reached skill level 16 in Armour
 44893 | Vaults:4 | Reached skill level 15 in Long Blades
 44893 | Vaults:4 | Reached skill level 15 in Axes
 44893 | Vaults:4 | Reached skill level 15 in Maces & Flails
 44893 | Vaults:4 | Reached skill level 15 in Polearms
 44893 | Vaults:4 | Reached skill level 15 in Staves
 44893 | Vaults:4 | Reached skill level 15 in Slings
 44893 | Vaults:4 | Reached skill level 15 in Bows
 44893 | Vaults:4 | Reached skill level 15 in Crossbows
 44893 | Vaults:4 | Reached skill level 15 in Throwing
 44893 | Vaults:4 | Reached skill level 15 in Dodging
 44893 | Vaults:4 | Reached skill level 15 in Stealth
 44893 | Vaults:4 | Reached skill level 15 in Unarmed Combat
 44893 | Vaults:4 | Reached skill level 15 in Spellcasting
 44893 | Vaults:4 | Reached skill level 15 in Evocations
 45049 | Vaults:4 | Noticed Frederick
 45084 | Vaults:4 | Killed Frederick
 45312 | Vaults:4 | Got a pair of jewelled boots
 45600 | Vaults:4 | Identified the +1 pair of boots of Zin's Wrath {rF+} (You
                  | acquired it on level 4 of the Vaults)
 45638 | Vaults:5 | Entered Level 5 of the Vaults
 45876 | Vaults:5 | Received a gift from Okawaru
 45901 | Vaults:5 | Reached XP level 24. HP: 169/191 MP: 42/42
 45955 | Vaults:5 | Received a gift from Okawaru
 46286 | Vaults:5 | Identified the +1 large shield of the Onion {*Drain rElec
                  | rCorr SInv}
 46286 | Vaults:5 | Identified the ring of Cofo Koe {rElec AC+1 Stlth+}
 46286 | Vaults:5 | Noticed Mennas
 46339 | Vaults:5 | Killed Mennas
 46339 | Vaults:5 | Received a gift from Okawaru
 46482 | Vaults:5 | Identified the Handbook of Evil Heat
 46588 | Vaults:5 | Identified the +1 hunting sling "Araemink" {flame, Str+4}
 46654 | Vaults:5 | Identified the +8 quarterstaff of the Goat {freeze, +Fly
                  | MR+}
 46677 | Vaults:5 | Noticed an ancient lich
 46692 | Vaults:5 | Killed an ancient lich
 46720 | Vaults:5 | Identified the +4 whip of Analysis {slash, rN+ MR- MP+9
                  | Str+7}
 46834 | Vaults:5 | Received a gift from Okawaru
 46866 | Vaults:5 | Received a gift from Okawaru
 47088 | Vaults:5 | Identified the +11 chain mail of Xuang {rC+ rCorr MP+9}
                  | (Okawaru gifted it to you on level 5 of the Vaults)
 47342 | Vaults:5 | Got a silver rune of Zot
 47637 | Vaults:5 | Identified Vaaklo's Tome of Unstable Bewitchment
 48469 | Depths:1 | Entered Level 1 of the Depths
 48636 | Depths:1 | Noticed Bai Suzhen
 48654 | Depths:1 | Killed Bai Suzhen
 48654 | Depths:1 | Reached XP level 25. HP: 159/200 MP: 42/42
 48819 | Depths:1 | Found a gateway to Hell.
 49541 | Depths:2 | Received a gift from Okawaru
 49547 | Depths:2 | Identified the +1 robe of Mierram {rC+ Regen+ rCorr}
                  | (Okawaru gifted it to you on level 2 of the Depths)
 49655 | Depths:2 | Found a one-way gate to the infinite horrors of the Abyss.
 49871 | Depths:2 | Found a transporter.
 49873 | Depths:2 | Found a radiant altar of Vehumet.
 49888 | Depths:2 | Reached skill level 17 in Armour
 49921 | Depths:2 | Found a transporter.
 50335 | Depths:2 | Found a runed translucent door.
 50335 | Depths:2 | Found a shimmering altar of Xom.
 50335 | Depths:2 | Noticed Pompom's ghost (veteran MiBe)
 50335 | Depths:2 | Identified the +4 quarterstaff of Ywoskami {chaos, Int+3}
 51165 | Depths:3 | Found Piqustr Faha's Magic Scroll Emporium.
 51167 | Depths:3 | Found Hyssecvaet's Antique Weapon Emporium.
 51171 | Depths:3 | Bought a crude broad axe for 405 gold pieces
 51171 | Depths:3 | Identified the cursed +0 broad axe "Ulifoppa" {elec, rC+
                  | rN+ MR+ Int-3} (You bought it in a shop on level 3 of the
                  | Depths)
 51178 | Depths:3 | Found a one-way gate leading to the halls of Pandemonium.
 51199 | Depths:3 | Found Hatoh's Distillery.
 51205 | Depths:3 | Bought a potion of mutation for 112 gold pieces
 51205 | Depths:3 | Bought a potion of mutation for 112 gold pieces
 51205 | Depths:3 | Bought a potion of heal wounds for 70 gold pieces
 51205 | Depths:3 | Bought a potion of haste for 140 gold pieces
 51205 | Depths:3 | Bought a potion of agility for 56 gold pieces
 51205 | Depths:3 | Bought a potion of might for 56 gold pieces
 51205 | Depths:3 | Bought a potion of might for 56 gold pieces
 51205 | Depths:3 | Bought a potion of might for 56 gold pieces
 51246 | Depths:3 | Found Kitiac's Antique Armour Boutique.
 51270 | Depths:3 | Received a gift from Okawaru
 51429 | Depths:3 | Reached XP level 26. HP: 126/208 MP: 43/43
 51524 | Depths:3 | Noticed an ancient lich
 51544 | Depths:3 | Killed an ancient lich
 51565 | Depths:3 | Received a gift from Okawaru
 51602 | Depths:3 | Received a gift from Okawaru
 51730 | Depths:3 | Identified The Tome of Greatest Risks and Utility
 51870 | Depths:3 | Bought a bronze plate armour for 924 gold pieces
 51870 | Depths:3 | Identified the +5 plate armour of Lethargy {rF+} (You
                  | bought it in a shop on level 3 of the Depths)
 51909 | Depths:3 | Found Jowueloa's Book Emporium.
 52185 | Depths:4 | Identified the cursed +0 scale mail of the Gate {rPois
                  | MR+++ Str-3 Dex-2}
 52287 | Depths:4 | Noticed Boris
 52308 | Depths:4 | Killed Boris
 52850 | Depths:4 | Reached XP level 27. HP: 185/217 MP: 43/43
 53125 | Depths:4 | Reached skill level 18 in Armour
 53388 | Depths:5 | Entered Level 5 of the Depths
 53496 | Depths:5 | Found a gateway to a ziggurat.
 53656 | Depths:5 | Received a gift from Okawaru
 54225 | Depths:5 | Received a gift from Okawaru
 54261 | Depths:5 | Found a gate to the Realm of Zot.
 54720 | Zot:1    | Entered Level 1 of the Realm of Zot
 55139 | Zot:1    | Reached skill level 15 in Conjurations
 55139 | Zot:1    | Reached skill level 15 in Hexes
 55139 | Zot:1    | Reached skill level 15 in Charms
 55139 | Zot:1    | Reached skill level 15 in Summonings
 55139 | Zot:1    | Reached skill level 15 in Necromancy
 55139 | Zot:1    | Reached skill level 15 in Translocations
 55139 | Zot:1    | Reached skill level 15 in Transmutations
 55139 | Zot:1    | Reached skill level 15 in Fire Magic
 55139 | Zot:1    | Reached skill level 15 in Ice Magic
 55139 | Zot:1    | Reached skill level 15 in Air Magic
 55139 | Zot:1    | Reached skill level 15 in Earth Magic
 55139 | Zot:1    | Reached skill level 15 in Poison Magic
 55301 | Zot:1    | Found a burning altar of Makhleb.
 55466 | Zot:1    | Received a gift from Okawaru
 55469 | Zot:1    | Identified the +0 pair of boots of Edel {rElec rC+}
                  | (Okawaru gifted it to you on level 1 of the Realm of Zot)
 55778 | Zot:1    | Reached skill level 19 in Armour
 55988 | Zot:1    | Noticed an ancient lich
 56006 | Zot:1    | Killed an ancient lich
 56383 | Zot:2    | Received a gift from Okawaru
 56697 | Zot:2    | Received a gift from Okawaru
 58126 | Zot:3    | Received a gift from Okawaru
 58251 | Zot:3    | Reached skill level 20 in Armour
 58857 | Zot:4    | Found a runed translucent gate.
 58858 | Zot:4    | Found a runed translucent gate.
 58859 | Zot:4    | Found a runed translucent gate.
 58861 | Zot:4    | Noticed confidenceinterval's ghost (veteran DsFi)
 59240 | Zot:5    | Entered Level 5 of the Realm of Zot
 59525 | Zot:5    | Received a gift from Okawaru
 59714 | Zot:5    | Noticed an ancient lich
 59715 | Zot:5    | Noticed an orb of fire
 59716 | Zot:5    | Noticed an orb of fire
 59717 | Zot:5    | Noticed an orb of fire
 59721 | Zot:5    | Noticed an ancient lich
 59724 | Zot:5    | Killed an ancient lich
 59730 | Zot:5    | Killed an orb of fire
 59734 | Zot:5    | Killed an orb of fire
 59734 | Zot:5    | Killed an orb of fire
 59742 | Zot:5    | Killed an ancient lich
 59759 | Zot:5    | Received a gift from Okawaru
 59802 | Zot:5    | Reached skill level 21 in Armour
 60479 | Zot:5    | Got the Orb of Zot
 60856 | D:14     | Noticed Keivoe the pandemonium lord
 61150 | D:$      | Escaped with the Orb!

Levels and vault maps discovered:
D:1:      roderic_crop_circles_arrival_small, layout_basic
D:2:      layout_basic, zin_purify, uniq_natasha, uniq_robin, uniq_sigmund
D:3:      layout_loops_cross, lemuel_coloured_pillars_altar, feat_on_display,
          uniq_ijyb
D:4:      layout_loops_ring, gup_ossuary_entry_pyramid
D:5:      layout_gridville, minmay_temple_entry_sparse_star, first_ration
D:6:      layout_basic, old_standard_altar,
          chequers_temple_overflow_statue_of_worship
D:7:      layout_cave_pools, cheibrodos_ashenzari_chains, kennysheep_mini,
          serial_column_ruins, column_ruins_square_medium,
          column_ruins_hut_water, column_ruins_open_tiny_water,
          column_ruins_grid_1, column_ruins_corridor_dead_end,
          column_ruins_open_small, column_ruins_open_small_water,
          column_ruins_open_medium, column_ruins_open_small
D:8:      layout_basic, lemuel_crystal_altar, lemuel_doored_altar, slow_altar_2,
          serial_shops, shop, basic_altar, uniq_psyche, uniq_gastronok
D:9:      layout_stronghold, kennysheep_mini_moat, lair_entry_dummy,
          orc_0_dummy, kennysheep_generic_room_10
D:10:     layout_irregular_city, basic_altar, the_bakery
D:11:     layout_small_grid, glass_columns_b
D:12:     cheibrodos_statue_roulette, layout_irregular_city, serial_shops,
          nicolae_shop_crystal, uniq_fannar
D:13:     layout_big_octagon, erik_vaults_1, serial_shops, shop_statue,
          portal_ice_cave_entry_ice_beasts, uniq_sonja
D:14:     layout_rooms, nicolae_dithmenos_shadow_blocks
D:15:     grunt_enter_depths_snipers, layout_loops_cross, chequers_garden
Temple:   compressed_dpeg_triangle_lava_temple
Lair:1:   layout_loops_ring, columned_hall_lemuel, minivault_11,
          cheibrodos_lair_reptile_den, serial_bayou_shore_b
Lair:2:   layout_regular_city, minmay_shoals_entry_lonely_mermaid, minmay_holes,
          bh_chokoban
Lair:3:   layout_layer_cave, guppyfry_snake_entry_garden,
          grunt_forest_large_clearing_hut
Lair:4:   layout_regular_city, wad_woods_road_03, beast_lair_carwin_7,
          grunt_megastairs_3, uniq_nergalle, uniq_rupert
Lair:5:   layout_regular_city, minmay_slime_entry_pillars, worms_lemuel,
          grunt_megastairs_4
Lair:6:   minmay_lair_end_enchanted_forest, layout_regular_city, tgw_fedhas
Shoals:1: layout_shoals, wheals_shoals_ruined_temple, uniq_jorgrun
Shoals:2: layout_shoals, serial_shops, bzr_entry_dummy,
          nicolae_shoals_water_shrine
Shoals:3: layout_shoals, gammafunk_ghost_split
Shoals:4: shoals_end_grunt_ice, layout_shoals, shoals_ilsuiw_ice
Snake:1:  layout_misc_corridors, serial_shops, nicolae_shop_crystal,
          ebering_ghost_inner_flame, serial_bayou_shore_a, serial_bayou_shore_b,
          uniq_aizul
Snake:2:  layout_cave_pods, st_stairs_12
Snake:3:  layout_onion, gammafunk_ghost_split, uniq_vashnia, uniq_roxanne,
          uniq_louise
Snake:4:  grunt_snake_rune_pools, layout_cave_town, basic_altar,
          nrook_guardian_serpent_ordinary
Orc:1:    nicolae_orc_accident_2, layout_diamond_mine, serial_shops,
          nicolae_shop_trees
Orc:2:    st_orc_ogre_mass, layout_caves
Elf:1:    eino_elf_arrival_the_gate, layout_loops_cross, orc_legates,
          uniq_donald
Elf:2:    layout_loops_cross, abandoned_shop, minmay_shop_grove, uniq_asterion
Elf:3:    grunt_elf_hall_spiral, layout_loops_corners
Vaults:1: nicolae_vaults_network_barrier, v_misc_19, ontoclasm_vaults_hangar,
          v_rooms_2, nicolae_vaults_network_periphery, vaults_room_pools,
          vaults_room_stairs_pillars, vaults_room_pool, layout_vaults_big_room
Vaults:2: nicolae_vaults_theta, nicolae_vaults_arrows, v_misc_10, v_pattern_1,
          ontoclasm_vaults_chip, v_misc_4, vaults_room_octagon,
          nicolae_vaults_twisting_passages, minmay_crypt_entry_simple_corners,
          serial_ice_b, ontoclasm_vaults_ring_square, layout_vaults_omnicross,
          enter_trove_0, serial_shops, shop, uniq_sojobo, uniq_boris
Vaults:3: ontoclasm_vaults_ring_small, vaults_mumra_bighexcomb,
          vaults_mumra_lcd, vaults_room_door_ring, vaults_room_ringed_pool,
          nicolae_vaults_three_branches, nicolae_vaults_specimen_jars,
          nicolae_vaults_little_squares_2, layout_vaults_omnigrid
Vaults:4: vaults_dpeg_ring, ontoclasm_vaults_spin,
          nicolae_vaults_ring_of_whatevers, ontoclasm_vaults_decontamination,
          v_misc_15, v_rooms_6, nicolae_vaults_bisected_slash,
          ontoclasm_vaults_hangar, hangedman_vaults_trim, v_misc_33,
          hangedman_vaults_capsules, nicolae_vaults_network_s,
          ontoclasm_vaults_ligature, ontoclasm_vaults_shuriken,
          vaults_room_octagon, vaults_room_pools, layout_vaults_ring,
          serial_shops, shop, uniq_margery, uniq_frederick
Vaults:5: uniq_mennas
Depths:1: layout_gridlike, grunt_mini_vestibule, minmay_misc_feat_chi,
          minislime_mu, uniq_bai_suzhen
Depths:2: gammafunk_sealed_library, layout_gridlike,
          nicolae_abyss_entry_one_way_or_another, ebering_ghost_xom,
          pf_hell_entry_tar_spiral, serial_bayou_pond_d
Depths:3: grunt_bent_corner, layout_cave_pools, pan_entry,
          nicolae_lava_and_water, hell_entry, serial_shops, shop,
          shop_fountains, shop, shop, kennysheep_little_box,
          abyss_entry_small_statue_room, lemuel_old_faithful
Depths:4: hangedman_arch_fort, layout_basic, hangedman_abyss_entry_splay,
          hell_entry, minmay_staircase_windowed_large
Depths:5: grunt_zot_entry_pinwheel, layout_basic, enter_ziggurat_d, hell_entry,
          chequers_serial_rivers_room_a
Zot:1:    layout_gridlike, basic_altar, lemuel_lich_library
Zot:2:    grunt_deathspiral_small, layout_cathedral_of_symmetry
Zot:3:    layout_concentric_octagons, grunt_megastairs_2
Zot:4:    minmay_elemental_castle, layout_basic, gammafunk_ghost_tricky_traps
Zot:5:    layout_basic, grunt_ministairs_11

Skill      XL: |  1  2  3  4  5  6  7  8  9 10 11 12 13 14 15 16 17 18 19 20 21 22 23 24 25 26 27 |
---------------+----------------------------------------------------------------------------------+-----
Long Blades    | 1 2 3 4 5 6 7 8 9 10 11 12 13 14 15 16 19 | 19.0
Axes           | 1 2 3 4 5 6 7 8 9 10 11 12 13 14 15 16 19 | 19.0
Maces & Flails | 1 2 3 4 5 6 7 8 9 10 11 12 13 14 15 16 19 | 19.0
Polearms       | 1 2 3 4 5 6 7 8 9 10 11 12 13 14 15 16 19 | 19.0
Staves         | 1 2 3 4 5 6 7 8 9 10 11 12 13 14 15 16 19 | 19.0
Slings         | 1 2 3 4 5 6 7 8 9 10 11 12 13 14 15 16 19 | 19.0
Bows           | 1 2 3 4 5 6 7 8 9 10 11 12 13 14 15 16 19 | 19.0
Crossbows      | 1 2 3 4 5 6 7 8 9 10 11 12 13 14 15 16 19 | 19.0
Throwing       | 1 2 3 4 5 6 7 8 9 10 11 12 13 14 15 16 19 | 19.0
Dodging        | 1 2 3 4 5 6 7 8 9 10 11 12 13 14 15 16 19 | 19.0
Stealth        | 1 2 3 4 5 6 7 8 9 10 11 12 13 14 15 16 19 | 19.0
Unarmed Combat | 1 2 3 4 5 6 7 8 9 10 11 12 13 14 15 16 19 | 19.0
Spellcasting   | 1 2 3 4 5 6 7 8 9 10 11 12 13 14 15 16 19 | 19.0
Invocations    | 1 2 3 4 5 6 7 8 9 10 11 12 13 14 15 16 17 18 20 | 20.4
Evocations     | 1 2 3 4 5 6 7 8 9 10 11 12 13 14 15 16 19 | 19.0
Conjurations   | 1 2 3 4 5 6 7 8 9 10 11 12 13 14 16 | 16.4
Hexes          | 1 2 3 4 5 6 7 8 9 10 11 12 13 14 16 | 16.4
Charms         | 1 2 3 4 5 6 7 8 9 10 11 12 13 14 16 | 16.4
Summonings     | 1 2 3 4 5 6 7 8 9 10 11 12 13 14 16 | 16.4
Necromancy     | 1 2 3 4 5 6 7 8 9 10 11 12 13 14 16 | 16.4
Translocations | 1 2 3 4 5 6 7 8 9 10 11 12 13 14 16 | 16.4
Transmutations | 1 2 3 4 5 6 7 8 9 10 11 12 13 14 16 | 16.4
Fire Magic     | 1 2 3 4 5 6 7 8 9 10 11 12 13 14 16 | 16.4
Ice Magic      | 1 2 3 4 5 6 7 8 9 10 11 12 13 14 16 | 16.4
Air Magic      | 1 2 3 4 5 6 7 8 9 10 11 12 13 14 16 | 16.4
Earth Magic    | 1 2 3 4 5 6 7 8 9 10 11 12 13 14 16 | 16.4
Poison Magic   | 1 2 3 4 5 6 7 8 9 10 11 12 13 14 16 | 16.4
Short Blades   | 5 6 7 8 9 10 11 12 13 14 15 16 17 19 | 19.4
Fighting       | 7 8 9 10 11 12 13 14 15 16 17 19 | 19.7
Armour         | 7 8 9 10 11 12 13 14 15 16 17 21 | 21.4
Shields        | 7 8 9 10 11 12 13 14 15 16 17 19 | 19.7

Action                   |  1- 3 |  4- 6 |  7- 9 | 10-12 | 13-15 | 16-18 | 19-21 | 22-24 | 25-27 || total
-------------------------+-------+-------+-------+-------+-------+-------+-------+-------+-------++-------
Melee: Rapier            |    66 |   293 |   291 |       |       |       |       |       |       ||   650
       Bite              |    11 |    37 |    77 |   148 |   423 |   300 |   282 |   418 |   558 ||  2254
       Unarmed           |       |     5 |       |       |       |       |       |       |       ||     5
       Spear             |       |       |   220 |    73 |       |       |       |       |       ||   293
       Trident           |       |       |       |   972 |  1224 |       |       |       |       ||  2196
       Morningstar       |       |       |       |       |   831 |       |       |       |       ||   831
       Demon whip        |       |       |       |       |    38 |  1399 |   925 |       |       ||  2362
       Long sword        |       |       |       |       |    16 |       |       |       |       ||    16
       Demon blade       |       |       |       |       |       |       |   323 |  1474 |  2500 ||  4297
Throw: Dart              |       |       |     5 |       |       |       |       |       |       ||     5
       Throwing net      |       |       |     1 |       |       |       |     1 |       |     1 ||     3
       Javelin           |       |       |     3 |       |     1 |       |   133 |   135 |   217 ||   489
       Boomerang         |       |       |     4 |    23 |   333 |   322 |   117 |       |       ||   799
Invok: Heroism           |       |       |     2 |     7 |    26 |    10 |    11 |     8 |    20 ||    84
       Finesse           |       |       |       |       |     3 |     2 |     4 |     4 |     9 ||    22
Evoke: Wand              |       |     4 |     4 |    17 |    20 |    25 |     2 |     6 |     6 ||    84
       Lightning rod     |       |       |       |       |       |       |       |     2 |       ||     2
       Lamp of fire      |       |       |       |       |       |       |       |     1 |       ||     1
       Sack of spiders   |       |       |       |       |       |       |       |     1 |       ||     1
  Use: Scroll            |       |     9 |     5 |     7 |    16 |    10 |    21 |    14 |    23 ||   105
       Potion            |       |     1 |     1 |     3 |     4 |     8 |     4 |     3 |    12 ||    36
 Stab: Sleeping          |       |       |       |       |       |     1 |     3 |     4 |     6 ||    14
       Distracted        |       |       |       |       |       |       |       |     4 |       ||     4
       Paralysed         |       |       |       |       |       |       |       |       |     3 ||     3
       Held in net/web   |       |       |       |       |       |       |       |       |     1 ||     1
  Eat: Chunk             |       |     8 |    11 |    13 |    31 |    26 |    19 |    24 |    34 ||   166
       Ration            |       |       |     1 |     3 |     1 |     1 |     2 |     2 |     4 ||    14
Armor: Scale mail        |    17 |    83 |     3 |       |       |       |       |       |       ||   103
       Plate armour      |       |       |   235 |   378 |   700 |   357 |   343 |   357 |       ||  2370
       Chain mail        |       |       |       |       |       |       |       |    46 |   216 ||   262
       Gold dragon scale |       |       |       |       |       |       |       |       |   671 ||   671
Dodge: Dodged            |    14 |    87 |   109 |   287 |  1038 |   508 |   477 |   441 |   820 ||  3781
Block: Shield            |    23 |   141 |   284 |   589 |  1835 |   992 |   783 |   697 |       ||  5344
       Large shield      |       |       |       |       |       |       |       |   272 |  2435 ||  2707
       Rpst.: Demon blade |       |       |       |       |       |       |    26 |    92 |   137 ||   255

Table legend:
 A = Non-vault XP
 B = Vault XP
 C = Vault XP percentage of total XP
 D = Non-vault monster count
 E = Vault monster count
 F = Vault count percentage of total count
                 A         B        C        D         E       F
            +---------+---------+-------+---------+---------+-------
      Total |  883022 |  963173 |  52.2 |    1572 |     918 |  36.9
            +---------+---------+-------+---------+---------+-------
        D:1 |      39 |       0 |   0.0 |      23 |       0 |   0.0
        D:2 |     175 |      79 |  31.1 |      18 |       9 |  33.3
        D:3 |      51 |      36 |  41.4 |      16 |       1 |   5.9
        D:4 |     236 |      18 |   7.1 |      15 |       1 |   6.2
        D:5 |     870 |       0 |   0.0 |      23 |       0 |   0.0
        D:6 |    1082 |       0 |   0.0 |      19 |       0 |   0.0
        D:7 |    1264 |       0 |   0.0 |      35 |       0 |   0.0
        D:8 |    1827 |    2790 |  60.4 |      38 |       3 |   7.3
        D:9 |    1589 |     262 |  14.2 |      28 |       1 |   3.4
       D:10 |    2652 |     211 |   7.4 |      14 |       1 |   6.7
       D:11 |    5180 |       0 |   0.0 |      26 |       0 |   0.0
       D:12 |    6272 |    2584 |  29.2 |      38 |       5 |  11.6
       D:13 |    5132 |    2934 |  36.4 |      26 |      11 |  29.7
       D:14 |   14035 |       0 |   0.0 |      41 |       0 |   0.0
       D:15 |    8983 |    2257 |  20.1 |      32 |       3 |   8.6
     Lair:1 |    4196 |     787 |  15.8 |      21 |       2 |   8.7
     Lair:2 |    3393 |     442 |  11.5 |      19 |       1 |   5.0
     Lair:3 |    5106 |    1826 |  26.3 |      17 |       5 |  22.7
     Lair:4 |    6559 |   11283 |  63.2 |      31 |      22 |  41.5
     Lair:5 |    3752 |    7004 |  65.1 |      15 |      24 |  61.5
     Lair:6 |    9864 |    8162 |  45.3 |      41 |      42 |  50.6
   Shoals:1 |   16439 |    6967 |  29.8 |      36 |       6 |  14.3
   Shoals:2 |   13237 |    2989 |  18.4 |      22 |       6 |  21.4
   Shoals:3 |   14032 |    4671 |  25.0 |      31 |       7 |  18.4
   Shoals:4 |   26745 |   24525 |  47.8 |      52 |      37 |  41.6
    Snake:1 |   13816 |    4242 |  23.5 |      30 |       3 |   9.1
    Snake:2 |   27395 |       0 |   0.0 |      49 |       0 |   0.0
    Snake:3 |   15221 |   16744 |  52.4 |      28 |      15 |  34.9
    Snake:4 |   13346 |   42929 |  76.3 |      25 |      62 |  71.3
      Orc:1 |    1418 |     466 |  24.7 |      23 |       5 |  17.9
      Orc:2 |    2380 |   21523 |  90.0 |      36 |      40 |  52.6
      Elf:1 |   29099 |   22150 |  43.2 |      49 |      31 |  38.8
      Elf:2 |   16808 |   23753 |  58.6 |      28 |      28 |  50.0
      Elf:3 |   23572 |   46277 |  66.3 |      35 |      32 |  47.8
   Vaults:1 |   19201 |    6821 |  26.2 |      31 |      14 |  31.1
   Vaults:2 |   37997 |   54144 |  58.8 |      59 |      64 |  52.0
   Vaults:3 |   26023 |   12287 |  32.1 |      41 |      16 |  28.1
   Vaults:4 |   24477 |   47353 |  65.9 |      34 |      47 |  58.0
   Vaults:5 |   33533 |  122603 |  78.5 |      45 |      80 |  64.0
   Depths:1 |   35149 |   14232 |  28.8 |      52 |      16 |  23.5
   Depths:2 |   32436 |   11952 |  26.9 |      40 |      14 |  25.9
   Depths:3 |   36509 |  117621 |  76.3 |      46 |      88 |  65.7
   Depths:4 |   43666 |   36708 |  45.7 |      52 |      20 |  27.8
   Depths:5 |   36559 |   24974 |  40.6 |      41 |      16 |  28.1
      Zot:1 |   91785 |   30999 |  25.2 |      54 |      16 |  22.9
      Zot:2 |   46275 |   38343 |  45.3 |      22 |      20 |  47.6
      Zot:3 |   44192 |   14348 |  24.5 |      32 |       8 |  20.0
      Zot:4 |   23238 |       0 |   0.0 |      11 |       0 |   0.0
      Zot:5 |   56217 |  163319 |  74.4 |      32 |      44 |  57.9
    Ossuary |       0 |      91 | 100.0 |       0 |      16 | 100.0
      IceCv |       0 |    9467 | 100.0 |       0 |      36 | 100.0
            +---------+---------+-------+---------+---------+-------
